 Dungeon Crawl Stone Soup version 0.31-a0-844-gdc52ec4e09 (webtiles) character file.

Game seed: 14621001634301377350

539 Kurtz the Chopper (level 7, -2/46 HPs)
             Began as an Octopode Fighter on Oct 1, 2023.
             Slain by a gnoll
             ... wielding a +0 halberd
              (12 damage)
             ... on level 4 of the Dungeon.
             The game lasted 00:01:59 (2452 turns).

Kurtz the Chopper (Octopode Fighter)                Turns: 2452, Time: 00:02:00

Health: -2/46      AC:  1    Str: 15    XL:     7   Next: 26%
Magic:  7/7        EV: 13    Int: 10    God:
Gold:   109        SH:  5    Dex: 14    Spells: 6/6 levels left

rFire   . . .        l - +0 hand axe (heavy)
rCold   . . .        b - +0 buckler
rNeg    . . .        (helmet restricted)
rPois   +            (no amulet)
rElec   .            e - ring of poison resistance
rCorr   .            (no ring)
SInv    .            (no ring)
Will    .....        (no ring)
Stlth   ++           (no ring)
HPRegen 0.27/turn    (no ring)
MPRegen 0.10/turn    (no ring)
                     (no ring)

%: no passive effects
@: no status effects
A: almost no armour, amphibious, 8 rings, camouflage 1, gelatinous body 1,
(nimble swimmer 1), tentacles
a: no special abilities


You were on level 4 of the Dungeon.
You visited 1 branch of the dungeon, and saw 4 of its levels.

You collected 109 gold pieces.

Inventory:

Hand Weapons
 a - a +0 war axe
 l - a +0 heavy hand axe (weapon)
Armour
 b - a +0 buckler (worn)
Jewellery
 e - a ring of poison resistance (left tentacle)
Wands
 o - a wand of flame (16)
Scrolls
 d - 2 scrolls of identify {unknown}
 h - a scroll of acquirement {unknown}
 j - a scroll of amnesia {unknown}
 k - 2 scrolls of immolation {unknown}
 n - a scroll of teleportation {unknown}
Potions
 c - a potion of might
 g - a potion of invisibility {unknown}
 i - 2 potions of curing
 m - 2 potions of degeneration {unknown}


   Skills:
 - Level 3.0 Fighting
 * Level 7.8 Axes
 - Level 3.0 Dodging
 - Level 3.0 Shields


You had 6 spell levels left.
You didn't know any spells.
Your spell library was empty.

Dungeon Overview and Level Annotations

Branches:
Dungeon (4/15)
 Temple: D:4-7

Altars:
Hepliaklqana

Annotations:
D:4 Dowan, Duvessa


Innate Abilities, Weirdness & Mutations

You cannot wear most types of armour.
You are amphibious.
You can wear up to eight rings at the same time.
Your skin changes colour to match your surroundings (Stealth+).
Your rubbery body absorbs attacks. (AC +1, EV +1)
((You are camouflaged when in or above water. (Stealth+)))
You have tentacles for arms and can constrict up to eight enemies at once.


Message History

You are too injured to fight recklessly!
You are too injured to fight recklessly!
The gnoll closely misses you.
There is a stone staircase leading up, spattered with blood here.
The gnoll closely misses you.
You climb upwards.
There is a stone staircase leading down here.
You start resting.
HP restored.
You climb downwards.
Level annotation: Dowan, Duvessa
There is a stone staircase leading up, spattered with blood here.
A jelly comes into view.
You see here a throwing net.
The jelly quivers.
Found a stone staircase leading down.
The endoplasm freezes you.
You are frozen.
You hit the endoplasm.
You kill the endoplasm!
You slash the jelly!
Your tentacles burn!
The jelly is severely wounded.
The jelly barely misses you. The jelly hits you.
You are splashed with acid!
The gnoll closely misses you.
You hit the jelly.
Your tentacles burn!
You squeeze the jelly.
The jelly is almost dead.
You block the jelly's attack.
The gnoll hits you from afar with a +0 halberd.
You are too injured to fight recklessly!
You are too injured to fight recklessly!
You slash the jelly!
You kill the jelly!
The gnoll hits you from afar with a +0 halberd.
The gnoll hits you from afar with a +0 halberd!
* * * LOW HITPOINT WARNING * * *
Unknown command.
You see here a throwing net.
There is a stone staircase leading up, spattered with blood here.
The gnoll hits you from afar with a +0 halberd!
You die...

.....# +#.. .##### ..... .#
..... .# # ....##
.##########.#########......
......................>....
'#####.......... #..#
.....# .......##g.# .....#
...[..[@(..# .....#
##+######)## .....# #.#
..†..# ..# .....# ###
.....# ######### #....# ##
#....#


You could see a gnoll.

Vanquished Creatures
  Sigmund (D:2)
  A black bear (D:4)
  A jelly (D:4)
  An orc priest (D:3)
  A hound (D:3)
  Jessica (D:3)
  An iguana (D:3)
  An adder (D:2)
  2 gnolls
  2 ufetubi
  2 worms
  3 dart slugs (D:1)
  9 orcs
  9 bats
  5 endoplasms
  2 giant cockroaches (D:3)
  5 goblins
  10 hobgoblins
  6 jackals
  3 quokkas
  2 ball pythons
  4 frilled lizards
  4 kobolds
  5 rats
81 creatures vanquished.

Notes
Turn   | Place    | Note
-------+----------+-------------------------------------------
     0 | D:1      | Kurtz the Octopode Fighter began the quest for the Orb.
     0 | D:1      | Reached XP level 1. HP: 16/16 MP: 1/1
    50 | D:1      | Reached XP level 2. HP: 21/21 MP: 2/2
    95 | D:1      | Reached skill level 3 in Axes
   233 | D:1      | Reached XP level 3. HP: 24/26 MP: 3/3
   736 | D:2      | Reached skill level 4 in Axes
   798 | D:2      | Reached XP level 4. HP: 30/31 MP: 4/4
   811 | D:2      | Noticed Sigmund
   817 | D:2      | Killed Sigmund
   818 | D:2      | Reached skill level 6 in Axes
   818 | D:2      | Reached XP level 5. HP: 13/36 MP: 5/5
   848 | D:3      | Reached XP level 6. HP: 21/42 MP: 6/6
  1219 | D:3      | Found a hazy altar of Hepliaklqana.
  1269 | D:3      | Noticed Jessica
  1275 | D:3      | Killed Jessica
  1890 | D:4      | Noticed a black bear
  1896 | D:4      | Killed a black bear
  1897 | D:4      | Reached skill level 7 in Axes
  1897 | D:4      | Reached XP level 7. HP: 44/46 MP: 7/7
  1923 | D:4      | Noticed Dowan
  1925 | D:4      | Noticed Duvessa
  1938 | D:3      | HP: 2/46 [ufetubus (2)]
  2452 | D:4      | Slain by a gnoll

Illustrated notes

Levels and vault maps discovered:
D:1:      minmay_arrival_solitary_statue, layout_rooms, serial_forest,
          infiniplex_forest_corner_2, infiniplex_forest_straight_4,
          infiniplex_forest_clump_long, infiniplex_forest_clump_curved,
          infiniplex_forest_zigzag_1, infiniplex_forest_clump_large,
          infiniplex_forest_end_double, infiniplex_forest_clump_small,
          infiniplex_forest_lined_room_3
D:2:      layout_basic, kennysheep_generic_room_5, uniq_sigmund, uniq_natasha,
          uniq_crazy_yiuf_cottage
D:3:      layout_loops_ring, nzn_hepliaklqana_mist_gate, minmay_misc_feat_iff,
          uniq_jessica
D:4:      old_forge, layout_basic, grunt_temple_overflow_open,
          chequers_serial_rivers_micro_d, uniq_duvessa

Skill      XL: |  1  2  3  4  5  6 |
---------------+-------------------+-----
Axes           | 3 4 6 7 |  7.8
Fighting       | |  3.0
Dodging        | |  3.0
Shields        | |  3.0

Action                     |  1- 3 |  4- 6 |  7- 9 || total
---------------------------+-------+-------+-------++-------
  Melee: War axe           |    59 |     9 |       ||    68
         Constrict         |    18 |    18 |     8 ||    44
         Tentacles         |    11 |    11 |     6 ||    28
         Hand axe          |       |    51 |    27 ||    78
         Punch             |       |     1 |       ||     1
    Use: Potion            |       |       |     2 ||     2
   Stab: Sleeping          |     3 |     3 |       ||     6
 Armour: Skin              |    28 |    35 |    47 ||   110
  Dodge: Dodged            |    37 |    48 |    44 ||   129
  Block: Buckler           |     9 |    16 |    10 ||    35

Table legend: (Time is in decaauts)
 A = Elapsed time spent in this place.
 B = Non-inter-level travel time spent in this place.
 C = Inter-level travel time spent in this place.
 D = Time resting spent in this place.
 E = Time spent auto-exploring this place.
 F = Levels seen in this place.
 G = Mean time per level.
                   A        B        C        D        E       F      G
               +--------+--------+--------+--------+--------+-----+--------+
         Total |   2520 |   2460 |     60 |    524 |   1396 |   4 |  630.0 |
       Dungeon |   2520 |   2460 |     60 |    524 |   1396 |   4 |  630.0 |
               +--------+--------+--------+--------+--------+-----+--------+

Top non-repeatable levels by time:
     D:3: 1533 daAuts
     D:1: 672 daAuts
     D:2: 197 daAuts
     D:4: 117 daAuts
